[Event "Late-Titled-Tuesday-Blitz-August-29-2023"]
[Site "Chess.com"]
[Date "2023.08.29"]
[Round "8"]
[White "trriinu"]
[Black "Mariia89"]
[Result "1-0"]
[WhiteElo "2213"]
[BlackElo "1958"]
[TimeControl "180+1"]
[EndTime "15:27:55 PDT"]
[Termination "trriinu won on time"]

1. e4 c6 2. d4 d5 3. Nc3 dxe4 4.
Nxe4 Nf6 5. Nxf6+ exf6 6. Be3 Be7 7. Bd3 Na6 8. c3 Nc7 9. Qc2 Nd5 10. Bd2 Be6 11.
O-O-O b5 12. Ne2 Qa5 13. c4 Nb4 14. a3 Nxd3+ 15. Qxd3 Qa4 16. c5 a5 17. Nc3 Qb3 18. Qe4 O-O 19. Rhe1 b4 20. axb4 axb4 21. Nb1 Ra1 22.
Bf4 Rfa8 23. Qc2 Qa2 24. Kd2 Bb3 25. Qc1 Bxd1 26. Rxd1 Qd5 27. Be3 h6 28. Qc2 R1a2 29.
Ke1 b3 30. Qd2 Ra1 31. Kf1 Qc4+ 32. Kg1 Qc2 33. Qe1 R1a2 34. Nc3 Rxb2 35. Ne2 Rba2 36. Ng3 Ra1 37. Rxa1 Rb8 38. Rb1 b2 39. Ne2 1-0

[Event "Late-Titled-Tuesday-Blitz-August-29-2023"]
[Site "Chess.com"]
[Date "2023.08.29"]
[Round "8"]
[White "MarcoRiehle"]
[Black "scandalgod"]
[Result "1-0"]
[WhiteElo "2835"]
[BlackElo "2502"]
[TimeControl "180+1"]
[EndTime "15:27:56 PDT"]
[Termination "MarcoRiehle won by resignation"]

1. e4 e5 2. Nf3 Nc6 3. Bc4 Nf6 4.
d4 exd4 5. O-O Nxe4 6. Nc3 Nxc3 7. bxc3 Be7 8. Re1 O-O 9. cxd4 d5 10. Bd3 Bg4 11.
Bf4 Re8 12. c3 Qd7 13. h3 Bh5 14. Re3 Bd6 15. Bxh7+ Kxh7 16. Ng5+ Kg6 17. Qd3+ Qf5 18. Bxd6 Qxd3 19. Rxd3 cxd6 20. h4 f6 21. Nh3 Kf7 22. Rd2 Bg6 23. Nf4 Ne7 24. Rb2 b6 25. a4 Rac8 26.
a5 Rb8 27. axb6 axb6 28. Ra7 Ra8 29. Rba2 Rxa7 30. Rxa7 Kf8 31. g4 Bf7 32. Rb7 Rc8 33.
Ne2 Rc6 34. f4 Be6 35. f5 Bf7 36. Kf2 g6 37. fxg6 Nxg6 38. h5 Ne7 39. Ke3 f5 40. Kf4 fxg4 41. Kxg4 Be6+ 42. Kg5 Bf5 43. Kf6 Bd3 44.
Rxe7 Bxe2 45. Rxe2 Rxc3 46. Ra2 Rf3+ 47. Ke6 Rh3 48.
Kxd5 Rxh5+ 49. Kxd6 Rh6+ 50. Kc7 Ke7 51. d5 Rg6 52.
Re2+ Kf8 53. d6 b5 54. d7 1-0

[Event "Late-Titled-Tuesday-Blitz-August-29-2023"]
[Site "Chess.com"]
[Date "2023.08.29"]
[Round "8"]
[White "jcmesafischer"]
[Black "Grebeniuk-S"]
[Result "1-0"]
[WhiteElo "2481"]
[BlackElo "2602"]
[TimeControl "180+1"]
[EndTime "15:27:57 PDT"]
[Termination "jcmesafischer won by checkmate"]

1. Nf3 f5 2. d4 Nf6 3. c4 g6 4.
Nc3 d6 5. g3 Bg7 6. Bg2 O-O 7.
d5 a5 8. O-O Na6 9. Be3 Ng4 10.
Bd4 Ne5 11. Nxe5 dxe5 12. Be3 e6 13. Qd2 exd5 14. cxd5 e4 15. Rac1 Bd7 16. f3 exf3 17. exf3 Re8 18. f4 Qf6 19. Rfe1 Re7 20. d6 Rxe3 21.
Rxe3 c6 22. Re7 Rd8 23. h3 Bf8 24. Re3 Bxd6 25. Rd3 Be8 26. Kh2 Nb4 27. Rd4 c5 28. Rc4 Bf8 29. Nd5 Nxd5 30. Bxd5+ Kg7 31. R4c3 Bb5 32.
b3 b6 33. a4 Ba6 34. Qg2 Kh8 35. Re3 Bg7 36. Re6 Qd4 37. Rce1 h6 38. Bb7 Bxb7 39. Qxb7 Qb2+ 40. R1e2 Rd2 41. Qe7 Rxe2+ 42. Rxe2 Qxb3 43.
Re6 Qb2+ 44. Re2 Qb3 45. h4 h5 46. Re6 Qb2+ 47. Kh3 Qb1 48. Qe8+ Kh7 49. Qxg6+ Kg8 50.
Re8# 1-0

[Event "Late-Titled-Tuesday-Blitz-August-29-2023"]
[Site "Chess.com"]
[Date "2023.08.29"]
[Round "8"]
[White "kingofthenil"]
[Black "VladimirKramnik"]
[Result "1/2-1/2"]
[WhiteElo "2715"]
[BlackElo "2953"]
[TimeControl "180+1"]
[EndTime "15:27:58 PDT"]
[Termination "Game drawn by repetition"]

1. Nf3 Nf6 2. c4 c5 3. b3 g6 4. d4 Bg7 5. Bb2 cxd4 6. Qxd4 O-O 7. Nc3 Nc6 8. Qd2 Qa5 9. Rb1 d6 10. e3 Bf5 11. Bd3 Bxd3 12. Qxd3 d5 13. O-O dxc4 14.
Qxc4 Rac8 15. Qb5 Qxb5 16. Nxb5 Ne4 17. Bxg7 Kxg7 18. Rbc1 Nb4 19. a3 Nd3 20. Rcd1 Rfd8 21. Nxa7 Rc3 22. Nb5 Rxb3 23. Nfd4 Ndxf2 24. Rxf2 Rxb5 25.
Rf4 Re5 26. Ne6+ Rxe6 27. Rxd8 Nd6 28. Kf2 g5 29. Rb4 Re5 30. Rd7 h5 31. h4 g4 32.
a4 Kf6 33. e4 Nxe4+ 34. Kf1 Nc5 35. Rc7 Nd3 36. Rb1 Rf5+ 37. Kg1 Ra5 38. Rbxb7 Rxa4 39. Rxe7 Ne5 40. Rxe5 Kxe5 41. Rxf7 g3 42. Rf3 Ra1+ 43. Rf1 Ra3 44. Rf3 Rxf3 45. gxf3 Kf5 46. Kf1 Ke5 47. Kg1 Kf5 48. Kf1 Ke5 49. Kg1 1/2-1/2

[Event "Late-Titled-Tuesday-Blitz-August-29-2023"]
[Site "Chess.com"]
[Date "2023.08.29"]
[Round "8"]
[White "IlanSchnaider"]
[Black "sergiochess83"]
[Result "1-0"]
[WhiteElo "2730"]
[BlackElo "2932"]
[TimeControl "180+1"]
[EndTime "15:27:58 PDT"]
[Termination "IlanSchnaider won on time"]

1. e4 c5 2. Nf3 Nc6 3. Bb5 e6 4.
O-O Nge7 5. Re1 a6 6. Bf1 b6 7. c3 d5 8. exd5 Nxd5 9. d4 cxd4 10. Nxd4 Bb7 11. Qh5 Nxd4 12. cxd4 Be7 13. Nc3 O-O 14.
Bd3 g6 15. Qh3 Nxc3 16. bxc3 Rc8 17. Bh6 Re8 18. Rac1 b5 19. Qg3 Bf6 20. Bf4 Bd5 21.
a4 Qd7 22. axb5 axb5 23. Be5 Bxe5 24. Qxe5 Bc4 25. Bb1 Qc7 26. Qf6 Qd8 27. Qe5 Qd5 28. Qf6 Qd8 29. Qe5 Qc7 30. Qg5 Qe7 31. Qf4 Bd5 32. Bd3 Bc4 33. Be4 Red8 34. h4 Bd5 35. Bd3 Bc4 36. Bb1 Bd5 37. h5 b4 38. cxb4 Rxc1 39.
Rxc1 g5 40. Qe3 h6 41. Qd3 f5 42. Re1 Qxb4 43. Re5 Qb3 44. Qf1 Qb2 45. Qd1 Qb3 46. Qe1 Kf7 47. Bxf5 exf5 48. Rxf5+ Kg8 49. Qe5 1-0

[Event "Late-Titled-Tuesday-Blitz-August-29-2023"]
[Site "Chess.com"]
[Date "2023.08.29"]
[Round "8"]
[White "valemava"]
[Black "gordonzyxu"]
[Result "0-1"]
[WhiteElo "2292"]
[BlackElo "2125"]
[TimeControl "180+1"]
[EndTime "15:27:59 PDT"]
[Termination "gordonzyxu won by checkmate"]

1. e4 e5 2. f4 d5 3. d4 dxe4 4. fxe5 Nc6 5. c3 f6 6. Bc4 fxe5 7. Bxg8 Rxg8 8. Qh5+ g6 9. Qxh7 Rg7 10. Qh8 exd4 11. Bh6 Rf7 12. Ne2 d3 13. Nf4 d2+ 14. Nxd2 e3 15. Nf3 Bg4 16. O-O Qd6 17. Ng5 Rxf4 18. Rxf4 Qxf4 19. Rf1 e2 20. Qxf8+ Qxf8 21. Rxf8+ Ke7 22.
Rf7+ Kd6 23. Kf2 Re8 24. Ke1 Ne5 25. Rf6+ Kd7 26. Rf7+ Kc8 27. Kd2 e1=Q+ 28. Kxe1 Nxf7+ 29. Kf2 Nxh6 30. h3 Re2+ 31. Kg3 Bd7 32. b4 Rxa2 33.
Ne4 Nf5+ 34. Kf4 Bc6 35. Nc5 Rxg2 36. Ne6 Kd7 37. Nc5+ Kd6 38. Nd3 Rg3 39. Nb2 Rxc3 40. Kg5 Rg3+ 41. Kf4 Rxh3 42. Nd1 Rf3+ 43. Kg5 Rg3+ 44.
Kf4 Rd3 45. Nb2 Rd4+ 46. Kg5 Rxb4 47. Nd3 Rd4 48. Nf2 a5 49. Kxg6 Ne3 50. Nh3 a4 51. Ng5 Rg4 52. Kh5 Rxg5+ 53. Kxg5 a3 54. Kf4 a2 55.
Kxe3 a1=Q 56. Kf4 Qd4+ 57. Kg5 Qe5+ 58. Kg6 Be4+ 59. Kf7 Qe6+ 60. Kg7 Qg6+ 61. Kf8 Qf6+ 62. Kg8 Bd5+ 63. Kh7 Be4+ 64. Kg8 Qe7 65. Kh8 Qh7# 0-1

[Event "Late-Titled-Tuesday-Blitz-August-29-2023"]
[Site "Chess.com"]
[Date "2023.08.29"]
[Round "8"]
[White "GMMikhailKazakov"]
[Black "dorpato"]
[Result "1-0"]
[WhiteElo "2330"]
[BlackElo "2010"]
[TimeControl "180+1"]
[EndTime "15:27:59 PDT"]
[Termination "GMMikhailKazakov won by resignation"]

1. e4 c5 2. Nf3 d6 3. c3 Nf6 4.
Be2 Bd7 5. e5 dxe5 6. Nxe5 Nc6 7. Nxd7 Qxd7 8. O-O e6 9. d3 Bd6 10. Nd2 O-O 11. Ne4 Nxe4 12. dxe4 Qc7 13. g3 Rad8 14. Qc2 Ne5 15. f4 Ng6 16. Be3 c4 17. Rad1 Bc5 18.
Qc1 Qb6 19. Bxc5 Qxc5+ 20. Kg2 Ne7 21. Bf3 b5 22. Rxd8 Rxd8 23. Rd1 Qc7 24. Rd4 Nc6 25.
Rxd8+ Qxd8 26. Qe3 h6 27. e5 Ne7 28. Kf2 Nf5 29. Qe2 Qb6+ 30. Kg2 Ne3+ 31. Kh3 Nd5 32. Qd2 Qc5 33. Be4 a5 34. a3 g6 35. Kg2 Ne3+ 36. Kf3 Nd5 37. Bxd5 exd5 38. Qe3 Qc6 39. Qd4 Kf8 40.
g4 Ke7 41. f5 g5 42. Ke3 a4 43.
Qa7+ Qd7 44. Qxd7+ Kxd7 45. Kd4 Kc6 46. f6 Kd7 47. Kxd5 Kc7 48. e6 Kd8 49. exf7 1-0

[Event "Late-Titled-Tuesday-Blitz-August-29-2023"]
[Site "Chess.com"]
[Date "2023.08.29"]
[Round "8"]
[White "DeTimmerman"]
[Black "arenal72"]
[Result "1-0"]
[WhiteElo "2679"]
[BlackElo "2520"]
[TimeControl "180+1"]
[EndTime "15:28:00 PDT"]
[Termination "DeTimmerman won by resignation"]

1. e4 Nc6 2. Nf3 d6 3. d4 Nf6 4. Nc3 g6 5. h3 Bg7 6. Be3 a6 7. Qd2 b5 8. a3 O-O 9. Bh6 e5 10. Bxg7 Kxg7 11. O-O-O exd4 12. Nxd4 Nxd4 13. Qxd4 Bb7 14.
f3 Kg8 15. g4 Nd7 16. h4 Qf6 17. Qxf6 Nxf6 18. h5 g5 19. h6 Nd7 20. Ne2 Ne5 21.
Bg2 Ng6 22. Ng3 f6 23. Nf5 Kf7 24. Bf1 Nf4 25. c4 Rab8 26. cxb5 axb5 27. Rh2 Bc8 28. Rc2 Rb7 29. Nd4 Bd7 30. Kb1 Kg6 31. Rdc1 c5 32. Ne2 Nxe2 33. Bxe2 Kxh6 34. Rd2 Rb6 35.
Rcd1 Be8 36. Rxd6 Rxd6 37. Rxd6 Kg7 38. Rb6 c4 39. Rb8 h5 40. gxh5 Bxh5 41. Rxb5 Rd8 42.
Kc2 Rc8 43. a4 Rd8 44. a5 Kh6 45. a6 Be8 46. Ra5 Ra8 47. Bxc4 Bc6 48. a7 Bb7 49. Kd3 Bc6 50. Bd5 Bxd5 51. exd5 Kg6 52. b4 Kf7 53. b5 Ke7 54. b6 Kd7 55. b7 1-0

[Event "Late-Titled-Tuesday-Blitz-August-29-2023"]
[Site "Chess.com"]
[Date "2023.08.29"]
[Round "8"]
[White "KNVB"]
[Black "BogdanDeac"]
[Result "0-1"]
[WhiteElo "2813"]
[BlackElo "3014"]
[TimeControl "180+1"]
[EndTime "15:28:02 PDT"]
[Termination "BogdanDeac won by checkmate"]

1. d4 Nf6 2. Bf4 d5 3. e3 c5 4.
c3 Nc6 5. Nd2 e6 6. Ngf3 cxd4 7.
exd4 Nh5 8. Be3 Bd6 9. g3 O-O 10. Bd3 f5 11. Ne5 Bxe5 12. Qxh5 g6 13. Qe2 Bf6 14. f4 Bd7 15. Nf3 Ne7 16. Ne5 Be8 17.
g4 fxg4 18. Qxg4 Nf5 19. Bxf5 exf5 20. Qf3 Rc8 21. O-O b5 22. a3 a5 23. Bd2 Rc7 24. Rae1 Rg7 25. Kh1 Qd6 26. Rg1 h6 27. Re2 Kh7 28. Qh3 Qd8 29. Re3 Be7 30. Be1 g5 31. fxg5 Bxg5 32. Rf3 f4 33. Bd2 b4 34. cxb4 axb4 35.
Bxb4 Rf6 36. Bd2 Bb5 37. Qg2 Rf5 38. h4 Bf6 39. Qh2 Rxg1+ 40. Kxg1 Bxe5 41. dxe5 Qb6+ 42. Qf2 Qg6+ 43. Qg2 Qb6+ 44. Qf2 Qg6+ 45. Kh2 d4 46. Bxf4 Bc6 47. Rg3 Qf7 48. e6 Qxe6 49. Qxd4 Qe2+ 50. Kh3 Qf1+ 51. Kh2 Qh1# 0-1

[Event "Late-Titled-Tuesday-Blitz-August-29-2023"]
[Site "Chess.com"]
[Date "2023.08.29"]
[Round "8"]
[White "The_Princess_Moon"]
[Black "Jojo_898"]
[Result "0-1"]
[WhiteElo "2220"]
[BlackElo "2360"]
[TimeControl "180+1"]
[EndTime "15:28:03 PDT"]
[Termination "Jojo_898 won on time"]

1. e4 d6 2. Nf3 Nf6 3. Nc3 g6 4. d4 c6 5. Be2 b5 6. a3 Bg7 7. Bg5 a5 8. Qd2 h6 9. Bf4 Bb7 10. e5 Nh5 11. Be3 b4 12. Ne4 c5 13.
Ng3 Nxg3 14. hxg3 h5 15. e6 fxe6 16. Nh4 Rg8 17. Bd3 cxd4 18. Bxg6+ Kd7 19. Bxd4 Bxd4 20.
Qxd4 Bxg2 21. Rh2 Bd5 22. axb4 Nc6 23. Qd2 axb4 24. Rd1 Ne5 25. Bxh5 Qb6 26. Be2 Ra2 27.
b3 Bxb3 28. Qd4 Qxd4 29. Rxd4 Bxc2 30. Rxb4 Rc8 31. f4 Ra1+ 32. Kf2 Nd3+ 33. Bxd3 Bxd3 34. Rb2 Rf1+ 35. Kg2 Rcc1 36. Kh3 Bc4 37. Ng6 d5 38. Rb7+ Kc6 39. Rxe7 Kd6 40. Re8 Bd3 41. Nf8 Bf5+ 42. g4 Be4 43. Rxe6+ Kc5 44. Nd7+ Kd4 45. g5 Rxf4 46.
Rxe4+ dxe4 47. g6 Rc3+ 48. Kg2 Rg4+ 49. Kf2 Rxg6 50. Rh1 Rc2+ 51. Kf1 Ra6 0-1

[Event "Late-Titled-Tuesday-Blitz-August-29-2023"]
[Site "Chess.com"]
[Date "2023.08.29"]
[Round "8"]
[White "Chessdreamer2020"]
[Black "TC2304"]
[Result "1-0"]
[WhiteElo "2531"]
[BlackElo "2408"]
[TimeControl "180+1"]
[EndTime "15:28:05 PDT"]
[Termination "Chessdreamer2020 won by checkmate"]

1. e4 e6 2. b3 d5 3. Bb2 dxe4 4.
Nc3 Nf6 5. Qe2 Nbd7 6. O-O-O b6 7. g4 h6 8. Bg2 Bb7 9. h4 Be7 10. g5 Nd5 11. Nxe4 Nf4 12. Qg4 Nxg2 13. Qxg2 Nc5 14. f3 hxg5 15. hxg5 Rg8 16. Nxc5 Bxc5 17. Rh7 g6 18. Nh3 Bd4 19. Ba3 c5 20. Nf2 Qd7 21. Ne4 Bxe4 22. fxe4 O-O-O 23. Qf3 Rgf8 24. Rf1 Be5 25.
Qe2 Qd4 26. c3 Qd7 27. d4 cxd4 28. Bxf8 Rxf8 29. cxd4 Bxd4 30. e5 Kb8 31. Kb1 Qc6 32. Rhxf7 Rc8 33. Rf8 Qc5 34. Rxc8+ Kxc8 35. Qc4 Qxc4 36.
bxc4 Bxe5 37. Re1 Bf4 38. Rxe6 Bxg5 39. Rxg6 Be3 40. Rg7 a5 41. Kc2 Bf4 42. Kb3 Bc7 43.
Ka4 Kb7 44. Kb5 Kb8 45. Kc6 Bd8 46. Rg8 Kc8 47. Rh8 a4 48. Rg8 a3 49. Rh8 b5 50.
cxb5 Kb8 51. Rxd8+ Ka7 52. b6+ Ka6 53. Ra8# 1-0

[Event "Late-Titled-Tuesday-Blitz-August-29-2023"]
[Site "Chess.com"]
[Date "2023.08.29"]
[Round "8"]
[White "MathiasCasalaspro"]
[Black "Haykoooo0o"]
[Result "0-1"]
[WhiteElo "2256"]
[BlackElo "2467"]
[TimeControl "180+1"]
[EndTime "15:28:05 PDT"]
[Termination "Haykoooo0o won on time"]

1. e4 c6 2. d4 d5 3. Nc3 dxe4 4. Nxe4 Nd7 5. Qe2 Ndf6 6. Nxf6+ Nxf6 7. Be3 Bg4 8. Nf3 Qd5 9. c4 Bxf3 10. Qxf3 Qxf3 11. gxf3 e6 12. O-O-O O-O-O 13. Bh3 g6 14. Bg5 Be7 15.
Bxf6 Bxf6 16. d5 cxd5 17. cxd5 Rhe8 18. Rhe1 Bg5+ 19. Kb1 f5 20. Bf1 exd5 21. Bb5 Rxe1 22. Rxe1 a6 23. Bd3 Kd7 24. h4 Bxh4 25. Rh1 Bxf2 26.
Rxh7+ Kc6 27. Rg7 Rd6 28. Kc2 Bd4 29. Rg8 b5 30. b3 Kb6 31. Rb8+ Ka5 32. a3 Rb6 33.
Rc8 b4 34. a4 Rd6 35. Rb8 Bb6 36. Ra8 Be3 37. Rb8 Rf6 38. Rd8 Rc6+ 39. Kb1 d4 40. Rb8 Rd6 41. Rg8 Rf6 42. Rc8 Kb6 43. Rb8+ Kc5 44.
Ra8 a5 45. Rc8+ Kd5 46. Kc2 Ke5 47. Re8+ Kf4 48. Be2 g5 49. Rc8 Rd6 0-1

[Event "Late-Titled-Tuesday-Blitz-August-29-2023"]
[Site "Chess.com"]
[Date "2023.08.29"]
[Round "8"]
[White "AndreiITrifan"]
[Black "zeitnot2006"]
[Result "1/2-1/2"]
[WhiteElo "2588"]
[BlackElo "2749"]
[TimeControl "180+1"]
[EndTime "15:28:11 PDT"]
[Termination "Game drawn by repetition"]

1. Nf3 d5 2. e3 g6 3. b3 Bg7 4. d4 Nf6 5. Bb2 O-O 6. Be2 b6 7.
O-O Bb7 8. Nbd2 c5 9. c4 Nbd7 10.
Rc1 Rc8 11. h3 Ne4 12. Nxe4 dxe4 13. Ne1 cxd4 14. Bxd4 Ne5 15. Qc2 Qd6 16. Qb2 Rfd8 17. Nc2 Nd3 18. Bxd3 Bxd4 19. Nxd4 exd3 20. f4 a6 21. f5 Rc5 22. Rf4 b5 23. cxb5 Rxc1+ 24. Qxc1 axb5 25. Qd2 Qd5 26. Rg4 Kf8 27. Qxd3 gxf5 28.
Qxf5 Qxf5 29. Nxf5 Rd2 30. a4 bxa4 31. bxa4 Ra2 32.
Rb4 e6 33. Rxb7 exf5 34. Rb5 Rxa4 35. Rxf5 Ra2 36. Rf2 Ra1+ 37. Rf1 Ra2 38. Rf2 Ra1+ 39. Kh2 Kg7 40. Kg3 Ra3 41. Kf4 Ra4+ 42. e4 Ra6 43. Rf3 Rf6+ 44. Ke3 Rg6 45. g4 Ra6 46. Rf5 Ra3+ 47.
Kf4 Rxh3 48. Rg5+ Kf6 49. Rb5 Rh1 50. Rb6+ Kg7 51. g5 Rg1 52. Ra6 Rf1+ 53. Kg4 Rf2 54. Rb6 Re2 55. Kf4 Re1 56. Ra6 Rd1 57. Rb6 Rc1 58.
Ra6 Kf8 59. Rh6 Rf1+ 60. Kg4 Kg7 61. Ra6 Rh1 62. Rb6 Rh2 63. Ra6 Rb2 64. Kf4 Rb4 65. Rc6 Ra4 66. Rb6 Ra8 67. Rc6 Rg8 68. Rb6 Rf8 69.
Rc6 Rh8 70. Rb6 Rf8 71. Rc6 Re8 72. Rb6 Rc8 73. Rd6 Rb8 74. Ra6 Rd8 75. Rb6 Rd7 76.
Ra6 Rb7 77. Rd6 Rb8 78. Ra6 Rc8 79. Rb6 Ra8 80. Kg4 Ra4 81. Kf4 Ra1 82. Rc6 Rf1+ 83.
Kg4 Re1 84. Kf4 Rd1 85. Ra6 Rd8 86. Rb6 Re8 87. Ra6 Re7 88. Rb6 Rd7 89. Ra6 Rb7 90. Rd6 Ra7 91. Kg4 Rc7 92. Kf4 Rc5 93. Ra6 Rc1 94. Kg4 Rh1 95. Rb6 Rh2 96. Ra6 Rh1 1/2-1/2

[Event "Late-Titled-Tuesday-Blitz-August-29-2023"]
[Site "Chess.com"]
[Date "2023.08.29"]
[Round "8"]
[White "ilya2700"]
[Black "NigelDwarf"]
[Result "0-1"]
[WhiteElo "2136"]
[BlackElo "2554"]
[TimeControl "180+1"]
[EndTime "15:28:11 PDT"]
[Termination "NigelDwarf won by checkmate"]

1. c4 Nf6 2. Nc3 g6 3. e4 d6 4. d4 Bg7 5. Nf3 O-O 6. Be2 e5 7. Be3 exd4 8. Nxd4 Re8 9. f3 c6 10. Bf2 d5 11. exd5 cxd5 12. c5 Nh5 13. g3 Bh3 14. Qd2 Nc6 15. g4 Nxd4 16. Bxd4 Bxd4 17. Qxd4 Qh4+ 18.
Qf2 Qxf2+ 19. Kxf2 Nf4 20. Bb5 Re6 21. Rhd1 a6 22.
Kg3 g5 23. Bd3 Re3 24. Bf5 h5 25. Re1 d4 26. Rxe3 dxe3 27. gxh5 Bxf5 28. Re1 Re8 29.
b4 Nd3 30. Re2 Nf4 31. Re1 Nxh5+ 32. Kg2 Nf4+ 33. Kg3 Nd3 34. Re2 Nxb4 35. a3 Nd3 36. Nd5 Nf4 37. Nf6+ Kf8 38. Re1 Re6 39. Nd7+ Ke7 40.
Nb6 e2 41. h4 Nd3 42. Nd5+ Kd8 43. Rb1 e1=Q+ 44. Rxe1 gxh4+ 45. Kxh4 Rxe1 46. Kg5 Be6 47. Kf6 Bxd5 48. f4 Nxf4 49. Kg5 Ne6+ 50. Kf6 Rf1+ 51.
Ke5 f5 52. Kd6 f4 53. Ke5 f3 54. Kd6 f2 55. Ke5 Re1+ 56. Kd6 f1=Q 57. c6 Qf4+ 58. Kxd5 Rd1+ 59. Kxe6 Rd6# 0-1

[Event "Late-Titled-Tuesday-Blitz-August-29-2023"]
[Site "Chess.com"]
[Date "2023.08.29"]
[Round "8"]
[White "Aygehovit1992"]
[Black "only_strong_moves"]
[Result "0-1"]
[WhiteElo "2705"]
[BlackElo "2549"]
[TimeControl "180+1"]
[EndTime "15:28:15 PDT"]
[Termination "only_strong_moves won by resignation"]

1. Nf3 Nf6 2. g3 d5 3. Bg2 e6 4.
O-O Be7 5. d3 O-O 6. Nbd2 Nc6 7.
e4 dxe4 8. dxe4 e5 9. Qe2 Bg4 10. c3 Qc8 11. Nc4 Bc5 12. Bg5 Nd7 13. h3 Be6 14. b4 Be7 15. Bxe7 Bxc4 16. Qxc4 Nxe7 17. h4 Nb6 18. Qc5 Ng6 19. Nxe5 Na4 20. Nxg6 hxg6 21.
Qc4 Nb6 22. Qb3 a5 23. e5 a4 24. Qc2 Qe6 25. Rfe1 c6 26. Re4 Rad8 27. c4 Rd7 28. Rae1 Rfd8 29. R1e2 Qe7 30. c5 Nd5 31. Bh3 Rc7 32. e6 f5 33. Rd4 Qf6 34. Qd2 Re7 35. b5 Rxe6 36. Rxe6 Qxe6 37. bxc6 bxc6 38. Rxa4 Qe7 39.
Rd4 f4 40. Bg2 fxg3 41. fxg3 Qxc5 42. Kh2 Kh7 43. a4 Rf8 44. h5 gxh5 45. Rh4 g6 46. a5 Ne3 47. Qd7+ Kh6 48. Qd2 Kg7 49. Rf4 Rxf4 50. gxf4 Ng4+ 51. Kg3 Qa3+ 52. Bf3 Nf6 53. f5 Ne4+ 54. Kf4 Nxd2 0-1

[Event "Late-Titled-Tuesday-Blitz-August-29-2023"]
[Site "Chess.com"]
[Date "2023.08.29"]
[Round "8"]
[White "Ncatt"]
[Black "chessS1r"]
[Result "1/2-1/2"]
[WhiteElo "2454"]
[BlackElo "2587"]
[TimeControl "180+1"]
[EndTime "15:28:15 PDT"]
[Termination "Game drawn - insufficient material"]

1. e4 c5 2. Nf3 e6 3. c4 Nc6 4.
Nc3 Nf6 5. Be2 d5 6. exd5 exd5 7. d4 cxd4 8. Nxd4 Bb4 9. O-O O-O 10. Nxd5 Nxd5 11.
cxd5 Qxd5 12. Nxc6 Qxc6 13. Bf3 Qf6 14. Qb3 Bd6 15.
Be3 Be5 16. Rab1 Bf5 17. Rbd1 Be6 18. Qxb7 Rab8 19. Qxa7 Rxb2 20. a4 Qh4 21. g3 Qb4 22. Bc5 Qb3 23. Bxf8 Qxf3 24. Rd8 h6 25. Qe3 Qxe3 26. fxe3 Kh7 27. Bc5 Bh3 28. Rxf7 Rb1+ 29. Kf2 Rf1+ 30. Ke2 Rxf7 31. a5 Bc7 32. Ra8 Be6 33. Ra7 Rd7 34. e4 Bc4+ 35. Ke3 Rf7 36. e5 Bxe5 37. Rxf7 Bxf7 38. a6 Bb8 39. Ke4 Be8 40. a7 Bc6+ 41. Kf5 Bc7 42. Ke6 Kg8 43. Bf2 Kf8 44. h4 Ke8 45. h5 Kd8 46. g4 Kc8 47.
Bd4 Bd7+ 48. Kf7 Kb7 49. Kxg7 Bxg4 50. Kxh6 Bf4+ 51. Kg6 Bxh5+ 52. Kxh5 Bc7 53. Kg4 Bd8 54. Kf5 Bc7 55. Ke4 Bd8 56. Kd5 Bc7 57. Kc4 Bd8 58. Kb5 Bc7 59. Bc5 Ka8 60. Bb4 Bb6 61. Kc6 Bxa7 1/2-1/2

[Event "Late-Titled-Tuesday-Blitz-August-29-2023"]
[Site "Chess.com"]
[Date "2023.08.29"]
[Round "8"]
[White "giomar27"]
[Black "effefe"]
[Result "1-0"]
[WhiteElo "2274"]
[BlackElo "2392"]
[TimeControl "180+1"]
[EndTime "15:28:15 PDT"]
[Termination "giomar27 won by checkmate"]

1. d4 Nf6 2. Bf4 g6 3. Nc3 Bg7 4. e4 O-O 5. Qd2 d6 6. O-O-O c6 7. Bh6 b5 8. f3 b4 9. Nce2 a5 10. h4 Qc7 11. h5 e5 12. Bxg7 Kxg7 13. hxg6 fxg6 14.
Qh6+ Kg8 15. Nh3 Qg7 16. Qh4 Bxh3 17. Rxh3 Nbd7 18. dxe5 dxe5 19. Ng3 Nb6 20. Nf5 Qc7 21.
Rd6 Nh5 22. Ne7+ Kf7 23. Rxc6 Qxe7 24. Rxb6 Qxh4 25. Bc4+ Kg7 26. Rb7+ Kh6 27. Rxh4 Kg5 28. Rg4+ Kh6 29. Rh4 Kg5 30. Rh1 h6 31. b3 Rfd8 32. Rd1 Nf4 33. g3 Ng2 34. Rxd8 Rxd8 35. Rb5 Re8 36.
Rxa5 Ne1 37. f4+ Kg4 38. Rxe5 Ra8 39. Kb2 Kxg3 40. f5 g5 41. f6 Nf3 42. Re7 Rf8 43.
f7 g4 44. Re8 Rxf7 45. Bxf7 Ng5 46. Bh5 Kh4 47. Bxg4 Kxg4 48. a4 bxa3+ 49. Kxa3 h5 50. b4 h4 51. Rh8 Nxe4 52. b5 Nd6 53. Kb4 Ne4 54. b6 Nf6 55. Rxh4+ Kxh4 56. b7 Nd7 57. c4 Kg5 58. c5 Nb8 59. Kb5 Kf6 60.
c6 Ke7 61. c7 Nd7 62. c8=Q Kd6 63. b8=Q+ Ke7 64. Qbc7 Kf6 65. Q8xd7 Kg5 66. Qe5+ Kh6 67. Qdd6+ Kh7 68. Qee7+ Kg8 69. Qdd8# 1-0

[Event "Late-Titled-Tuesday-Blitz-August-29-2023"]
[Site "Chess.com"]
[Date "2023.08.29"]
[Round "8"]
[White "ArmanGhevondyanchess"]
[Black "XiaoKangZhong"]
[Result "1-0"]
[WhiteElo "2349"]
[BlackElo "2540"]
[TimeControl "180+1"]
[EndTime "15:28:16 PDT"]
[Termination "ArmanGhevondyanchess won by resignation"]

1. Nf3 Nf6 2. d4 e6 3. g3 c5 4. Bg2 cxd4 5. O-O Nc6 6. Nxd4 a6 7. c4 Qc7 8. b3 Bc5 9. Bb2 O-O 10. e3 e5 11. Nc2 b5 12. cxb5 axb5 13. Nc3 b4 14.
Na4 Be7 15. Rc1 d5 16. Qd2 Rd8 17. Rfd1 Qd6 18. Ne1 Ba6 19. Nb6 Rab8 20. Nxd5 Nxd5 21. Qxd5 Qxd5 22. Bxd5 Bb5 23. Bf3 Rxd1 24. Rxd1 Kf8 25. Rc1 Rb6 26. Bxc6 Bxc6 27. Bxe5 f6 28. Bd4 Ra6 29.
Rc2 Be4 30. Rd2 Rc6 31. f3 Bg6 32. e4 Rc1 33. Kf2 f5 34. Be3 Rc8 35. e5 Kf7 36. f4 Ke6 37. Nf3 Ra8 38. Nd4+ Kf7 39. Nc6 Bf8 40.
Nd8+ Ke8 41. Ne6 Be7 42. Nc7+ Kf7 43. Nxa8 Ke6 44. Nb6 Be8 45. Nc4 Bc6 46. Rd6+ Bxd6 47. exd6 Bd5 48. Bc5 Bc6 49. Bxb4 g6 50. a4 Kd5 51.
Nb6+ Ke6 52. d7 Bxd7 53. Nxd7 Kxd7 54. a5 Kc6 55. Bc3 Kb5 56. b4 Ka6 57. Be1 Kb5 58.
Ke3 Ka6 59. Kd4 Kb5 60. Ke5 h6 61. Kf6 h5 62. Kxg6 h4 63. gxh4 Ka6 64. h5 Kb5 65. h6 Ka6 66. h7 Kb5 67. Kxf5 Ka6 68. Kf6 Kb5 69. Ke6 Ka6 70. Kd6 Kb5 71. Kd5 Ka6 72. Kc6 Ka7 73. b5 Kb8 74. Bh4 Ka8 1-0

[Event "Late-Titled-Tuesday-Blitz-August-29-2023"]
[Site "Chess.com"]
[Date "2023.08.29"]
[Round "8"]
[White "Mourinho_Jose"]
[Black "Alexei_Gubajdullin"]
[Result "1-0"]
[WhiteElo "2510"]
[BlackElo "2602"]
[TimeControl "180+1"]
[EndTime "15:28:16 PDT"]
[Termination "Mourinho_Jose won on time"]

1. Nf3 Nf6 2. g3 g6 3. Bg2 Bg7 4. O-O O-O 5. d4 d6 6. c4 Nbd7 7. Nc3 e5 8. e4 c6 9. Re1 Re8 10. h3 a5 11. Rb1 exd4 12. Nxd4 Nc5 13. b3 Nfd7 14. f4 h5 15. a3 h4 16. g4 Ne6 17.
Nxe6 fxe6 18. e5 dxe5 19. Ne4 exf4 20. Bxf4 Ne5 21. Nd6 Nf7 22. Nxe8 Qxe8 23. Qd3 g5 24. Bd2 Qd7 25. Qxd7 Bxd7 26. Rbd1 a4 27. b4 Rd8 28.
Be3 Bb2 29. Bb6 Re8 30. Rxd7 Bxa3 31. b5 Bb2 32. Bd4 a3 33. Bxb2 axb2 34. Rd2 Ne5 35. Rxb2 Nd3 36. Reb1 Nxb2 37. Rxb2 Rc8 38. bxc6 bxc6 39.
Rb6 Kf7 40. Rxc6 Rb8 41. c5 Rb1+ 42. Kf2 Rb2+ 43. Kf3 Kf6 44. Rc8 Rc2 45. c6 Ke5 46. Bf1 Rc3+ 47. Kf2 Ke4 48. Re8 Rc2+ 49. Ke1 e5 50.
Rd8 1-0

[Event "Late-Titled-Tuesday-Blitz-August-29-2023"]
[Site "Chess.com"]
[Date "2023.08.29"]
[Round "8"]
[White "Masterisback04"]
[Black "protectiago"]
[Result "0-1"]
[WhiteElo "1752"]
[BlackElo "2094"]
[TimeControl "180+1"]
[EndTime "15:28:16 PDT"]
[Termination "protectiago won on time"]

1. e4 e5 2. Nf3 Nc6 3. Bb5 a6 4. Ba4 Nf6 5. Qe2 b5 6. Bb3 Bc5 7.
a4 b4 8. Bxf7+ Kxf7 9. Qc4+ d5 10. Qxc5 Bb7 11. exd5 Qxd5 12. Qxd5+ Nxd5 13. d3 h6 14. c3 Rhd8 15. Be3 Nxe3 16. fxe3 Rxd3 17.
Ke2 Rad8 18. Nbd2 bxc3 19. bxc3 Rxc3 20. Rab1 Ba8 21. Rhf1 Kg8 22. Ne4 Rc2+ 23. Ke1 Ne7 24. Nf2 Nd5 25. Rd1 Rb8 26. Rd3 Nc3 27. Nd2 Bxg2 28.
Rg1 Bc6 29. Ng4 Kh7 30. h4 Rbb2 31. Nxe5 Ne4 32. Nxc6 Nxd2 33. Rf1 Ne4 34. Rf7 Re2+ 35. Kd1 Nc3+ 36. Rxc3 Rbd2+ 37. Kc1 Rd6 38. Ne5 Rb6 39. h5 Re6 40. Ng4 Rg2 41. Rcxc7 Rxg4 42. Rce7 Rc6+ 43.
Kd2 Rg2+ 44. Kd3 Rg5 45. e4 Rcc5 46. Ra7 Ra5 0-1